 Dungeon Crawl Stone Soup version 0.30-a0-142-g7370640ec8 (webtiles) character file.

Game seed: 8907545663229475271

18 qw the Shield-Bearer (level 2, 0/19 HPs)
             Began as a Gargoyle Fighter on Sept 25, 2022.
             Slain by a ball python (1 damage)
             ... on level 1 of the Dungeon.
             The game lasted 00:00:13 (669 turns).

qw the Shield-Bearer (Gargoyle Fighter)              Turns: 669, Time: 00:00:13

Health: 0/19       AC:  9    Str: 19    XL:     2   Next: 70%
Magic:  2/2        EV:  9    Int:  8    God:
Gold:   24         SH:  4    Dex:  9    Spells: 1/1 levels left

rFire   . . .      SeeInvis .    a - +0 war axe
rCold   . . .      Faith    .    c - +0 buckler
rNeg    + . .      Spirit   .    b - +0 scale mail
rPois   inf        Reflect  .    (no helmet)
rElec   +          Harm     .    (no cloak)
rCorr   .          Rampage  .    (no gloves)
Will    .....                    (no boots)
Stlth   ..........               (no amulet)
HPRegen 0.06/turn                (no ring)
MPRegen 0.08/turn                (no ring)

@: no status effects
A: sickness immunity, AC +2, negative energy resistance 1, electricity
resistance, torment resistance 1, petrification resistance
a: no special abilities


You were on level 1 of the Dungeon.
You visited 1 branch of the dungeon, and saw 1 of its levels.

You collected 24 gold pieces.


Innate Abilities, Weirdness & Mutations

You are immune to sickness and miasma.
Your stone body is resilient. (AC +2)
You are immune to poison.
You resist negative energy. (rN+)
You are resistant to electric shocks. (rElec)
You are resistant to unholy torment.
You are immune to petrification.


   Skills:
 - Level 3.2 Fighting
 + Level 2.9 Axes
 - Level 3.2 Armour
 - Level 3.2 Shields


You had one spell level left.
You didn't know any spells.
Your spell library was empty.

Inventory:

Hand Weapons
 a - a +0 war axe (weapon)
 e - a +0 whip
Armour
 b - a +0 scale mail (worn)
 c - a +0 buckler (worn)
 i - a +0 helmet
Scrolls
 g - a scroll of identify {unknown}
Potions
 d - a potion of might
 f - a potion of heal wounds {unknown}
 h - a potion of flight {unknown}

Dungeon Overview and Level Annotations

Branches:
Dungeon (1/15)

Altars:


Message History

The goblin closely misses you. The goblin hits you but does no damage.
The gnoll closely misses you.
The rat moves out of view.
You miss the goblin.
The gnoll hits you from afar with a +0 spear.
The goblin hits you with a +0 dagger.
You slash the goblin!
You kill the goblin!
You slash the ball python!
You kill the ball python!
The gnoll hits you from afar with a +0 spear. x2
The kobold closely misses you.
You barely miss the kobold. The gnoll hits you but does no damage.
The kobold hits you with a +0 club.
You hit the ball python.
The ball python is severely wounded.
You hit the kobold.
You kill the kobold!
The gnoll hits you but does no damage.
The ball python bites you but does no damage.
The ball python barely misses you.
You barely miss the ball python.
The ball python is severely wounded.
The ball python closely misses you. x2; The gnoll barely misses you.
The ball python misses you. You block the ball python's attack.
The gnoll closely misses you.
You closely miss the ball python.
The ball python is severely wounded.
The ball python bites you but does no damage.
You block the ball python's attack. The gnoll barely misses you.
The ball python closely misses you. The ball python barely misses you.
You barely miss the ball python.
The ball python is severely wounded.
The gnoll closely misses you.
The ball python bites you but does no damage.
The ball python barely misses you.
The gnoll hits you from afar with a +0 spear.
You barely miss the ball python.
The ball python is severely wounded.
The ball python bites you.
You die...

...#..# .#.#..##
#........ ##.#...#
#....... #..#.#.#
###...... #.#..#.#
##.......
....##.#####>:#....
....##.....#.#....
.##............S)#
...).####....#..@#######
.....### #..##.%g.....
...)..... ###...........
.....######.............
.....# #...#####.......
.....# #.### .......
.....# ##.# .......
.....###.[# #######
......##.##


You could see a gnoll and a ball python.

Vanquished Creatures
  An endoplasm (D:1)
  5 goblins (D:1)
  2 hobgoblins (D:1)
  A quokka (D:1)
  3 ball pythons (D:1)
  A frilled lizard (D:1)
  A kobold (D:1)
  2 rats (D:1)
16 creatures vanquished.

Notes
Turn   | Place    | Note
-------+----------+-------------------------------------------
     0 | D:1      | qw the Gargoyle Fighter began the quest for the Orb.
     0 | D:1      | Reached XP level 1. HP: 14/14 MP: 1/1
     0 | D:1      | 0 ||| qw: Version: 0.2-a-10-g399e6c4
     0 | D:1      | 0 ||| qw: Game counter: 421
     0 | D:1      | 0 ||| qw: Always use a shield: true
     0 | D:1      | 0 ||| qw: God list: Okawaru
     0 | D:1      | 0 ||| qw: Allow faded altars: false
     0 | D:1      | 0 ||| qw: Do Orc after D:15 true
     0 | D:1      | 0 ||| qw: Do second Lair branch before Depths: true
     0 | D:1      | 0 ||| qw: Lair rune preference: random
     0 | D:1      | 0 ||| qw: Plans: Normal, Zot:1-4, God:TSO, Crypt, Tomb,
                  | Pan, Slime:5, Hells, Abyss, Orb
     0 | D:1      | 0 ||| PLANNING D:1-11
   125 | D:1      | 125 ||| Stepping ~*~*~tactically~*~*~ (stealth).
   131 | D:1      | Reached XP level 2. HP: 6/19 MP: 2/2
   131 | D:1      | HP: 4/19 [frilled lizard (2)]
   647 | D:1      | 647 ||| Stepping ~*~*~tactically~*~*~ (stealth).
   657 | D:1      | 657 ||| Stepping ~*~*~tactically~*~*~ (stealth).
   663 | D:1      | HP: 2/19 [gnoll/+0 spear (6)]
   668 | D:1      | HP: 1/19 [gnoll/+0 spear (1)]
   669 | D:1      | Slain by a ball python

Levels and vault maps discovered:
D:1:      amcnicky_arrival_gap_in_the_tavern_cellar, layout_rooms

Skill      XL: |  1 |
---------------+----+-----
Axes           | 2 |  2.9
Fighting       | |  3.2
Armour         | |  3.2
Shields        | |  3.2

Action                   || total
-------------------------++-------
Melee: War axe           ||    50
Armor: Scale mail        ||    26
Dodge: Dodged            ||    25
Block: Buckler           ||     8

Table legend:
 A = Non-vault XP
 B = Vault XP
 C = Vault XP percentage of total XP
 D = Non-vault monster count
 E = Vault monster count
 F = Vault count percentage of total count
                 A         B        C        D         E       F
            +---------+---------+-------+---------+---------+-------
      Total |      27 |       0 |   0.0 |      16 |       0 |   0.0
            +---------+---------+-------+---------+---------+-------
        D:1 |      27 |       0 |   0.0 |      16 |       0 |   0.0
            +---------+---------+-------+---------+---------+-------
